 Dungeon Crawl Stone Soup version 0.20.1-1-g8b1a95d (webtiles) character file.

365 JeffiDaFish the Sneak (level 6, 0/32 HPs)
             Began as a Spriggan Monk on Oct 23, 2017.
             Killed by divine providence
             ... invoked by an orc priest
              (13 damage)
             ... on level 5 of the Dungeon.
             The game lasted 00:06:38 (3454 turns).

JeffiDaFish the Sneak (Spriggan Monk)               Turns: 3454, Time: 00:06:39

Health: 0/32       AC:  4    Str:  7    XL:     6   Next: 40%
Magic:  7/7        EV: 22    Int: 12    God:
Gold:   216        SH:  0    Dex: 20    Spells: 5/5 levels left

rFire    . . .     SeeInvis +   a - +1 short sword
rCold    . . .     Gourm    .   (shield restricted)
rNeg     . . .     Faith    .   b - +2 robe
rPois    .         Spirit   .   (helmet restricted)
rElec    .         Reflect  .   (no cloak)
rCorr    .         Harm     .   (gloves unavailable)
MR       +....                  (boots unavailable)
Stlth    ++++......             (no amulet)
Regen    0.1/turn               e - ring of see invisible (curse)
MPRegen  0.1/turn               (no ring)

@: very quick
A: unfitting armour, see invisible, herbivore 3, speed 3, slow metabolism 2
a: no special abilities


You were on level 5 of the Dungeon.
You were hungry.

You visited 1 branch of the dungeon, and saw 5 of its levels.

You collected 216 gold pieces.

Inventory:

Hand Weapons
 a - a +1 short sword (weapon)
Armour
 b - a +2 robe (worn)
Jewellery
 e - a cursed ring of see invisible (left hand)
Scrolls
 f - a scroll of recharging
 h - a scroll of fog
 i - 2 scrolls of teleportation
 j - a scroll of identify
Comestibles
 c - 5 bread rations
 d - 2 royal jellies
 g - 2 fruits


   Skills:
 + Level 3.2 Fighting
 + Level 5.7 Short Blades
 + Level 5.8 Dodging
 + Level 6.0 Stealth


You had 5 spell levels left.
You didn't know any spells.

Dungeon Overview and Level Annotations

Branches:
Dungeon (4/15)
 Temple: D:4-7

Altars:
Hepliaklqana
Makhleb
Vehumet
The Shining One


Innate Abilities, Weirdness & Mutations

You are very small and have problems with some larger weapons.
You are too small for most types of armour.
You have supernaturally acute eyesight. (SInv)
You are a herbivore.
You cover ground extremely quickly.
You need consume almost no food.


Message History

The orc priest misses you. The orc wizard completely misses you.
You barely miss the orc priest.
The orc priest is lightly wounded.
The orc priest completely misses you.
You barely miss the orc priest.
The orc priest is lightly wounded.
The adder hisses angrily.
You hit the orc priest but do no damage.
The orc priest is lightly wounded.
The orc priest calls down the wrath of Beogh upon you.
Beogh smites you! The orc wizard misses you. The orc closely misses you.
You hit the orc priest.
The orc priest is heavily wounded.
The orc misses you. The orc priest hits you.
You closely miss the orc priest.
The orc priest is heavily wounded.
The orc barely misses you.
The orc priest invokes the aid of Beogh against you.
Beogh smites you!
You die...

....###.#...#.#.
.......##............
#.#.........#+#.....
#+#......#......... .
.........#+#......#+# ..
................#.#.#...
.................S......
.#..............oo......
.#.(.#..........@o......
.....#..........oo.>....
.....#..................
.....#..................
..##...........########.
..##.#.........#
..##.#.........#
#.##.##'########
#.##.##.#


You could see an orc priest, 2 orc wizards, an adder and 2 orcs.

Vanquished Creatures
  A scorpion (D:5)
  A hound (D:4)
  An orc priest (D:3)
  An orc wizard (D:3)
  Jessica (D:2)
  A worker ant (D:5)
  A hound zombie (D:3)
  8 adders
  An ooze (D:3)
  An adder skeleton (D:3)
  2 worms
  13 orcs (D:3)
  9 bats
  4 giant cockroaches
  8 goblins
  5 hobgoblins
  2 jackals (D:2)
  8 kobolds
  6 frilled lizards
  A giant cockroach zombie (D:3)
  A leopard gecko skeleton (D:3)
  A quokka zombie (D:5)
  6 rats
83 creatures vanquished.

Notes
Turn   | Place    | Note
-------+----------+-------------------------------------------
     0 | D:1      | JeffiDaFish the Spriggan Monk began the quest for the Orb.
     0 | D:1      | Reached XP level 1. HP: 11/11 MP: 2/2
   402 | D:1      | Reached XP level 2. HP: 16/16 MP: 3/3
  1068 | D:2      | Reached XP level 3. HP: 19/19 MP: 4/4
  1678 | D:2      | Noticed Jessica
  1683 | D:2      | Killed Jessica
  1683 | D:2      | Reached XP level 4. HP: 23/23 MP: 5/5
  1723 | D:2      | Reached skill level 4 in Stealth
  1909 | D:2      | Found a glowing golden altar of the Shining One.
  1909 | D:2      | Found a burning altar of Makhleb.
  1910 | D:2      | Found a hazy altar of Hepliaklqana.
  1936 | D:2      | Found a radiant altar of Vehumet.
  2109 | D:3      | Reached skill level 5 in Short Blades
  2109 | D:3      | Reached XP level 5. HP: 20/28 MP: 6/6
  2330 | D:3      | Reached skill level 5 in Stealth
  2480 | D:3      | Reached skill level 5 in Dodging
  3291 | D:4      | Reached XP level 6. HP: 32/32 MP: 7/7
  3337 | D:4      | You fall through a shaft!
  3337 | D:5      | Entered Level 5 of the Dungeon
  3420 | D:5      | Reached skill level 6 in Stealth
  3454 | D:5      | Killed from afar by an orc priest

Skill      XL: |  1  2  3  4  5  6 |
---------------+-------------------+-----
Short Blades   | 4 5 |  5.7
Stealth        | 4 5 6 |  6.0
Fighting       | 3 |  3.2
Dodging        | 5 |  5.8

Action                   |  1- 3 |  4- 6 || total
-------------------------+-------+-------++-------
Melee: Short sword       |   121 |   208 ||   329
  Use: Scroll            |     4 |     5 ||     9
       Potion            |     2 |     2 ||     4
 Stab: Sleeping          |     9 |    14 ||    23
       Distracted        |       |     2 ||     2
Armor: Robe              |     8 |    15 ||    23
Dodge: Dodged            |    95 |   139 ||   234
